 Dungeon Crawl Stone Soup version 0.31-a0-1074-g0b22e4e0f1 (webtiles) character file.

Game seed: 6343128951581989563

44 Spaninq the Chopper (level 3, -5/33 HPs)
             Began as a Hill Orc Cinder Acolyte on Nov 26, 2023.
             Was a High Priest of Ignis.
             Slain by Terence
             ... wielding a +0 falchion
              (7 damage)
             ... on level 2 of the Dungeon.
             The game lasted 00:03:35 (1290 turns).

Spaninq the Chopper (Hill Orc Cinder Acolyte)       Turns: 1290, Time: 00:03:35

Health: -5/33      AC:  7    Str: 18    XL:     3   Next: 60%
Magic:  1/4        EV:  9    Int: 14    God:    Ignis [*****.]
Gold:   60         SH:  0    Dex:  6    Spells: 2/4 levels left

rFire   + . .        a - -1 hand axe (flame)
rCold   . . .        (no shield)
rNeg    . . .        h - +0 scale mail
rPois   .            (no helmet)
rElec   .            g - +0 cloak
rCorr   .            (no gloves)
SInv    .            (no boots)
Will    .....        (no amulet) Stlth
                     (no ring)
HPRegen 0.25/turn    (no ring)
MPRegen 0.09/turn

%: no passive effects
@: very slightly contaminated, hasted, very quick
A: no striking features
a: Renounce Religion, Fiery Armour, Foxfire Swarm, Rising Flame


You were on level 2 of the Dungeon.
You worshipped Ignis.
Ignis was extremely pleased with you.
You visited 1 branch of the dungeon, and saw 2 of its levels.

You collected 60 gold pieces.

Inventory:

Hand Weapons
 a - a -1 hand axe of flaming (weapon)
Armour
 g - a +0 cloak (worn)
 h - a +0 scale mail (worn)
Scrolls
 c - a scroll of silence {unknown}
 f - a scroll of poison {unknown}
Potions
 b - a potion of magic {unknown}
 e - a potion of curing {unknown}


   Skills:
 + Level 4.2 Fighting
 * Level 5.4 Axes
 + Level 0.1 Armour
 - Level 1.0 Spellcasting
 - Level 3.2 Fire Magic


You had 2 spell levels left.
You knew the following spells:

 Your Spells              Type           Power      Damage    Failure   Level
a - Scorch                Fire           18%        2d5       34%         2

Your spell library contained the following spells:

 Spells                   Type           Power      Damage    Failure   Level


Dungeon Overview and Level Annotations

Branches:
Dungeon (2/15)

Altars:
Ignis

Annotations:
D:2 Terence


Message History

Confirm with . or Enter, or press ? or * to list all spells.
Flames lash Terence.
Terence is moderately wounded.
Terence's fire resistance burns away.
You hit Terence but do no damage.
Terence is moderately wounded.
Terence hits you with a +0 falchion.
You hit Terence but do no damage.
Terence is moderately wounded.
Terence hits you with a +0 falchion.
You barely miss Terence.
Terence is moderately wounded.
Terence is no longer more vulnerable to fire.
Terence hits you with a +0 falchion!
Casting: Scorch (quite dangerous; 34% risk of failure)
Confirm with . or Enter, or press ? or * to list all spells.
You miscast Scorch.
You are very lightly contaminated with residual magic.
Nothing appears to happen.
Terence hits you but does no damage.
You barely miss Terence.
Terence is moderately wounded.
Terence hits you with a +0 falchion.
You hit Terence but do no damage.
Terence is moderately wounded.
Terence hits you with a +0 falchion.
You hit Terence. You burn Terence.
Terence is heavily wounded.
Terence hits you with a +0 falchion.
* * * LOW HITPOINT WARNING * * *
You hit Terence. You burn Terence.
Terence is almost dead.
Terence hits you with a +0 falchion!
* * * LOW HITPOINT WARNING * * *
It was a potion of haste.
You feel yourself speed up. Terence barely misses you.
You closely miss Terence.
Terence is almost dead.
Terence hits you with a +0 falchion!
You die...
Terence says, "Rest in peace."

.........##≈~####....#
........###.≈# ####.######
........# ##.# #......#
........# ## ######†# ........#
#...#.# ........## #...†.#
........##.. #####.#.#######
........##..~.###.............#
...####
#.....@@.(.......###.### ...#
#....###.....|...#.....# ...#
#.. #.......#.#.#.#.# #### #
#.......#...#....
##......#####...#
######.##.<.#####...#
#....................
#.####.#.#.........##
#.####......######...


You could see Terence.

Vanquished Creatures
  An adder (D:2)
  A dart slug (D:2)
  An endoplasm (D:1)
  4 giant cockroaches
  2 goblins (D:1)
  6 hobgoblins
  A quokka (D:2)
  3 ball pythons (D:1)
  4 bats (D:1)
  A frilled lizard (D:1)
  2 kobolds (D:1)
  5 rats (D:1)
31 creatures vanquished.

Vanquished Creatures (others)
  17 foxfires (D:1)
17 creatures vanquished.

Grand Total: 48 creatures vanquished

Notes
Turn   | Place    | Note
-------+----------+-------------------------------------------
     0 | D:1      | Spaninq the Hill Orc Cinder Acolyte began the quest for the
                  | Orb.
     0 | D:1      | Reached XP level 1. HP: 19/19 MP: 2/2
   103 | D:1      | Found a faded altar of an unknown god.
   107 | D:1      | Reached XP level 2. HP: 27/27 MP: 3/3
   113 | D:1      | Prayed at the altar of an unknown god.
   286 | D:1      | Learned a level 2 spell: Scorch
   666 | D:1      | Reached skill level 5 in Axes
   777 | D:2      | Reached XP level 3. HP: 15/33 MP: 4/4
  1277 | D:2      | Noticed Terence
  1288 | D:2      | HP: 1/33 [Terence/+0 falchion (8)]
  1290 | D:2      | Slain by Terence

Illustrated notes

Levels and vault maps discovered:
D:1:      dpeg_arrival_round_a, layout_loops_ring,
          chequers_ecumenical_altar_island
D:2:      layout_basic, serial_rivers, chequers_serial_rivers_micro_d,
          chequers_serial_rivers_micro_b, chequers_serial_rivers_small_b,
          chequers_serial_rivers_micro_c, chequers_serial_rivers_small_a,
          chequers_serial_rivers_micro_b, uniq_jessica, uniq_terence,
          uniq_crazy_yiuf_cottage

Skill      XL: |  1  2 |
---------------+-------+-----
Fighting       | 4 |  4.2
Axes           | 5 |  5.4
Armour         | |  0.1
Spellcasting   | |  1.0
Fire Magic     | |  3.2

Action                     || total
---------------------------++-------
  Melee: Hand axe          ||   104
         Punch             ||     1
   Cast: Scorch            ||     2
 Invoke: Foxfire Swarm     ||     1
    Use: Potion            ||     1
 Armour: Robe              ||    50
         Scale mail        ||    12
  Dodge: Dodged            ||    53

Table legend: (Time is in decaauts)
 A = Elapsed time spent in this place.
 B = Non-inter-level travel time spent in this place.
 C = Inter-level travel time spent in this place.
 D = Time resting spent in this place.
 E = Time spent auto-exploring this place.
 F = Levels seen in this place.
 G = Mean time per level.
                   A        B        C        D        E       F      G
               +--------+--------+--------+--------+--------+-----+--------+
         Total |   1300 |   1268 |     32 |    114 |    842 |   2 |  650.0 |
       Dungeon |   1300 |   1268 |     32 |    114 |    842 |   2 |  650.0 |
               +--------+--------+--------+--------+--------+-----+--------+

Top non-repeatable levels by time:
     D:1: 768 daAuts
     D:2: 532 daAuts
